Map: Heavy Artillery LE

Players

JLIID - Winner!

  • Race: Terran Terran
  • Spawn Location: 3:00

SkyNet - Winner!

  • Race: Zerg Zerg
  • Spawn Location: 1:00

Positron

  • Race: Protoss Protoss
  • League: Diamond
  • Spawn Location: 7:00

TEMBINP

  • Race: Protoss Protoss
  • Spawn Location: 7:00

VOD

Have the link to the VOD?

Description

Time

  • Played on: Aug. 12, 2024, 11:01 a.m.
  • Length: 5:51
Show
View Real Time Build Order
Export as new Build Order

JLIID Terran - Winner!

Build Orders:  

Get SALT Encoding   

  12  0:01  SCV  
  13  0:18  SCV  
  13  0:21  Supply Depot  
  14  0:30  SCV  
  14  0:35  Supply Depot  
  15  0:43  SCV  
  15  0:49  Barracks  
  16  0:55  SCV  
  17  1:05  Refinery  
  17  1:08  SCV  
  18  1:17  Barracks  
  18  1:22  SCV  
  19  1:34  SCV  
  20  1:40  Marine  
  21  1:57  Marine  
  23  2:09  Orbital Command  
  22  2:15  Marine  
  22  2:17  Barracks Reactor  
  23  2:33  Marine  
  24  2:38  SCV, Refinery  
  25  2:51  SCV  
  26  2:53  Marine  
  26  2:54  Marine  
  26  2:57  Barracks Reactor  
  28  3:03  SCV, Supply Depot, Command Center  
  29  3:08  Engineering Bay  
  28  3:15  SCV  
  28  3:19  Marine x2  
  31  3:33  Factory  
  31  3:37  Marine x3  
  34  3:43  Marine  
  36  3:48  SCV  
  36  3:54  Marine x2  
  38  4:07  Marine  
  39  4:11  Missile Turret  
  39  4:14  SCV, Marine  
  41  4:20  Marine x2  
  43  4:25  Marine  
  44  4:32  Missile Turret  
  44  4:40  Marine x3  
  44  4:43  Marine  
  48  4:59  Marine x2  
  48  5:00  Marine  
  48  5:01  SCV, Marine  
  48  5:03  Orbital Command  
  48  5:05  Factory Tech Lab  
  53  5:13  SCV  
  53  5:14  Starport  
Show
View Real Time Build Order
Export as new Build Order

SkyNet Zerg - Winner!

Build Orders: Pool First 

Get SALT Encoding   

  12  0:07  Extractor  
  11  0:22  Spawning Pool  
  11  0:26  Drone  
  11  0:32  Drone  
  12  0:37  Drone  
  13  0:50  Overlord  
  13  1:08  Zergling x2  
  13  1:09  Zergling x2  
  13  1:10  Zergling x2  
  16  1:16  Metabolic Boost  
  16  1:22  Zergling x2  
  17  1:36  Zergling x2  
  18  1:53  Zergling x4  
  17  2:08  Zergling x2  
  17  2:15  Zergling x2  
  18  2:28  Hatchery  
  17  2:32  Zergling x2  
  18  2:48  Zergling x4  
  17  3:10  Zergling x4  
  18  3:30  Zergling x2  
  18  3:31  Zergling x2  
  18  3:33  Lair  
  20  3:44  Zergling x4  
  23  3:55  Zergling x4  
  24  4:27  Zergling x6  
  24  4:28  Zergling x2  
  27  4:58  Zergling x6  
  23  5:23  Zergling x10  
  23  5:24  Zergling x2  
Show
View Real Time Build Order
Export as new Build Order

Positron Protoss 

Build Orders:  

Get SALT Encoding   

  12  0:01  Probe (Chrono Boost)  
  13  0:10  Probe (Chrono Boost)  
  14  0:19  Probe  
  15  0:23  Pylon  
  15  0:41  Probe  
  16  0:44  Forge  
  16  0:56  Pylon  
  16  0:58  Probe  
  17  1:17  Photon Cannon  
  17  1:27  Pylon  
  17  1:33  Pylon  
  17  1:35  Pylon  
  17  1:48  Photon Cannon  
  17  1:52  Probe  
  17  2:21  Pylon  
  17  2:23  Nexus  
  17  2:25  Gateway  
  17  2:27  Photon Cannon  
  17  2:34  Assimilator  
  17  2:45  Probe  
  18  3:06  Probe  
  18  3:10  Gateway  
  19  3:18  Probe (Chrono Boost)  
  20  3:22  Assimilator  
  20  3:26  Assimilator  
  20  3:30  Probe (Chrono Boost)  
  21  3:38  Probe (Chrono Boost)  
  21  3:40  Probe (Chrono Boost)  
  23  3:45  Probe  
  24  3:51  Probe (Chrono Boost)  
  27  4:03  Probe x2 (Chrono Boost)  
  27  4:08  Probe (Chrono Boost)  
  29  4:10  Probe (Chrono Boost)  
  29  4:11  Cybernetics Core  
  29  4:17  Assimilator, Probe  
  29  4:21  Probe  
  31  4:25  Photon Cannon  
  31  4:26  Photon Cannon  
  31  4:29  Probe  
  31  4:31  Zealot (Chrono Boost)  
  34  4:41  Pylon  
  34  4:43  Pylon  
  12  5:04  Stargate  
  4  5:30  Probe  
  4  5:31  Probe  
Show
View Real Time Build Order
Export as new Build Order

TEMBINP Protoss 

Build Orders: 1 Gate Expand 

Get SALT Encoding   

  12  0:01  Probe  
  13  0:20  Pylon  
  13  0:24  Probe  
  14  0:39  Gateway  
  14  0:45  Probe (Chrono Boost)  
  14  0:48  Assimilator  
  16  0:57  Probe (Chrono Boost)  
  16  1:02  Probe (Chrono Boost)  
  17  1:20  Nexus  
  17  1:24  Probe  
  18  1:34  Cybernetics Core  
  18  1:45  Probe  
  19  1:55  Pylon  
  19  2:04  Probe (Chrono Boost)  
  20  2:15  Probe (Chrono Boost)  
  21  2:18  Stalker  
  23  2:27  Shield Battery  
  23  2:33  Probe  
  23  2:36  Assimilator  
  24  2:45  Probe  
  25  2:57  Probe  
  26  2:59  Stalker, Shield Battery  
  28  3:09  Probe  
  29  3:26  Probe  
  30  3:28  Probe  
  31  3:36  Stargate  
  31  3:39  Probe  
  31  3:40  Probe  
  33  3:46  Gateway  
  33  3:51  Probe, Pylon  
  33  3:53  Probe  
  33  3:54  Stalker  
  18  4:34  Stalker  
  18  5:03  Stalker (Chrono Boost)  
  7  5:22  Probe  
  10  5:34  Probe  
Tags
 
Add a new tag
Caveats
  • Supply blocks, unpowered buildings, or Contaminate may cause inaccurate times.
  • Supply counts are checked every 10 seconds.